 Dungeon Crawl Stone Soup version 0.26-a0-958-gf3041fb45f (webtiles) character file.

Game seed: 7854450891569024177

52 lunkers the Grave Robber (level 3, -5/28 HPs)
             Began as a Deep Dwarf Necromancer on Nov 30, 2020.
             Slain by Natasha (9 damage)
             ... on level 2 of the Dungeon.
             The game lasted 00:03:06 (1406 turns).

lunkers the Grave Robber (Deep Dwarf Necromancer)   Turns: 1406, Time: 00:03:07

Health: -5/28      AC:  2    Str: 11    XL:     3   Next: 60%
Magic:  0/5        EV: 12    Int: 16    God:
Gold:   56         SH:  0    Dex: 13    Spells: 1/5 levels left

rFire    . . .     SeeInvis .   c - +0 dagger
rCold    . . .     Faith    .   (no shield)
rNeg     . . .     Spirit   .   a - +0 robe
rPois    .         Reflect  .   (no helmet)
rElec    .         Harm     .   (no cloak)
rCorr    .         Rampage  .   (no gloves)
MR       .....                  (no boots)
Stlth    ++........             (no amulet)
HPRegen  0.00/turn              (no ring)
MPRegen  0.09/turn              (no ring)

@: non-regenerating
A: damage resistance, heal wounds, sense surroundings 1, no regeneration
a: Heal Wounds


You were on level 2 of the Dungeon.
You visited 1 branch of the dungeon, and saw 2 of its levels.

You collected 56 gold pieces.

Inventory:

Hand Weapons
 b - a +0 whip
 c - a +0 dagger (weapon)
Armour
 a - a +0 robe (worn)
Jewellery
 d - an uncursed ring of positive energy {unknown}
Scrolls
 g - a scroll of amnesia {unknown}
 i - 2 scrolls of teleportation {unknown}
Potions
 e - a potion of ambrosia {unknown}
 f - 2 potions of might {unknown}
 h - 2 potions of lignification {unknown}


   Skills:
 - Level 2.1 Dodging
 - Level 2.4 Stealth
 - Level 1.7 Spellcasting
 * Level 5.9 Necromancy


You had one spell level left.
You knew the following spells:

 Your Spells              Type           Power        Failure   Level
a - Pain                  Necr           ###.         1%          1
b - Vampiric Draining     Necr           ###.......   5%          3

Your spell library contained the following spells:

 Spells                   Type           Power        Failure   Level
 Animate Skeleton         Necr           ###...       1%          1
 Animate Dead             Necr           ###.......   19%         4
 Agony                    Necr           ###.....     45%         5


Dungeon Overview and Level Annotations

Branches:
Dungeon (2/15)

Altars:

Annotations:
D:2 Natasha


Innate Abilities, Weirdness & Mutations

You are resistant to damage.
You can heal yourself by infusing magical energy.
You passively map a small area around you.
You do not regenerate.


Message History

You hit Natasha but do no damage.
Natasha is almost dead.
Natasha claws you.
* * * LOW HITPOINT WARNING * * *
Unknown command.
Casting: Pain (safe; 1% risk of failure)
Confirm with . or Enter, or press ? or * to list all spells.
Aiming: Pain (safe; 1% risk of failure)
Press: ? - help, Shift-Dir - straight line, f/p - Natasha
Aim: Natasha (almost dead, chance to defeat MR: 80%) Natasha writhes in agony.
* * * LOW MAGIC WARNING * * *
Natasha hisses.
Natasha closely misses you.
Unknown command.
Unknown command.
You hit Natasha but do no damage.
Natasha is almost dead.
Natasha claws you!
You die...

#.#...#..........### ,,
#.#.#.#..(.......# ,
,#.#.#.#.....(.†..#
*,#.#†#.#..........# , ,
* #.#<#.#..........# * #
#.###.#..........#
#####.#.....#..........#
*
.........####(.........#
,
####.....@h5(..........#
, #.....#####.........#
* ##.#### #.......... *
, ... , #..........
..... * #......##. *
.... , , * #....#.# ,
...., , ....#.. , , , ,,
* , , ,


You could see Natasha and a crimson imp (summoned).

Vanquished Creatures
  An adder (D:2)
  An ooze (D:1)
  2 dart slugs (D:1)
  3 leopard geckos
  A ball python (D:1)
  A bat (D:1)
  A giant cockroach (D:1)
  2 goblins (D:1)
  4 hobgoblins (D:1)
  8 kobolds
  3 frilled lizards
  5 rats
32 creatures vanquished.

Vanquished Creatures (others)
  A plant (D:1)
1 creature vanquished.

Grand Total: 33 creatures vanquished

Notes
Turn   | Place    | Note
-------+----------+-------------------------------------------
     0 | D:1      | lunkers the Deep Dwarf Necromancer began the quest for the
                  | Orb.
     0 | D:1      | Reached XP level 1. HP: 15/15 MP: 3/3
   417 | D:1      | Reached skill level 5 in Necromancy
   417 | D:1      | Reached XP level 2. HP: 4/22 MP: 1/4
   826 | D:1      | Reached XP level 3. HP: 24/28 MP: 0/5
   830 | D:1      | Learned a level 3 spell: Vampiric Draining
  1370 | D:2      | Noticed Natasha
  1406 | D:2      | Slain by Natasha

Illustrated notes

Levels and vault maps discovered:
D:1:      wander_arrival_fairy_ring, layout_basic, minmay_domino_2
D:2:      layout_basic, st_stairs_8, uniq_natasha

Skill      XL: |  1 |
---------------+----+-----
Necromancy     | 5 |  5.9
Dodging        | |  2.1
Stealth        | |  2.4
Spellcasting   | |  1.7

Action                   || total
-------------------------++-------
Melee: Unarmed           ||     8
       Whip              ||     6
       Dagger            ||    15
 Cast: Pain              ||    76
 Abil: Heal Wounds       ||     1
Armor: Robe              ||     6
Dodge: Dodged            ||    36

Table legend: (Time is in decaauts)
 A = Elapsed time spent in this place.
 B = Non-inter-level travel time spent in this place.
 C = Inter-level travel time spent in this place.
 D = Time resting spent in this place.
 E = Time spent auto-exploring this place.
 F = Levels seen in this place.
 G = Mean time per level.
                   A        B        C        D        E       F      G
               +--------+--------+--------+--------+--------+-----+--------+
         Total |   1413 |   1405 |      8 |    132 |    881 |   2 |  706.5 |
       Dungeon |   1413 |   1405 |      8 |    132 |    881 |   2 |  706.5 |
               +--------+--------+--------+--------+--------+-----+--------+

Top non-repeatable levels by time:
     D:1: 1243 daAuts
     D:2: 170 daAuts
